| TOP OF THE 1ST |
|
New Jersey Devils batting - Pitching for Southern Maryland Blue Crabs : RHP Rick Bob Van Arsdale-Undercarriage
|
|
Pitching: RHP Rick Bob Van Arsdale-Undercarriage
|
|
|
Batting: LHB Randolph Brodbeck
|
0-0: Ground out U3 (Groundball, 3, EV 89.4 MPH)
|
|
Batting: RHB Eric Zylstra
|
0-0: Fly out, F8 (Flyball, 8LM, EV 80.6 MPH)
|
|
Batting: RHB Warren Carmichael
|
0-0: Called Strike 0-1: Ball 1-1: Ball 2-1: Ball 3-1: Ground out 4-3 (Groundball, 4M, EV 91.2 MPH)
|
| Top of the 1st over - 0 runs, 0 hits, 0 errors, 0 left on base; New Jersey 0 - Southern Maryland 0 |
| BOTTOM OF THE 1ST |
|
Southern Maryland Blue Crabs batting - Pitching for New Jersey Devils : RHP Nick Rutscher
|
|
Pitching: RHP Nick Rutscher
|
|
|
Batting: RHB Josh Ludwig
|
0-0: Ball 1-0: Fly out, F8 (Flyball, 8LS, EV 88.1 MPH)
|
|
Batting: LHB Sam Hontz
|
0-0: Ball 1-0: Foul Ball, location: 2F 1-1: Ball 2-1: Foul Ball, location: 2F 2-2: Fly out, F8 (Flyball, 8LM, EV 92.5 MPH)
|
|
Batting: RHB Oscar Chapa
|
0-0: Swinging Strike 0-1: Swinging Strike 0-2: Ball 1-2: Ball 2-2: Ground out 4-3 (Groundball, 4M, EV 91.2 MPH)
|
| Bottom of the 1st over - 0 runs, 0 hits, 0 errors, 0 left on base; New Jersey 0 - Southern Maryland 0 |
| TOP OF THE 2ND |
|
New Jersey Devils batting - Pitching for Southern Maryland Blue Crabs : RHP Rick Bob Van Arsdale-Undercarriage
|
|
Batting: RHB Jacob Olander
|
0-0: Ball 1-0: Called Strike 1-1: Hit by Pitch
|
|
Batting: RHB Kyle Verkamp
|
0-0: Grounds into double play, 5-4-3 (Groundball, 56S, EV 86.9 MPH)
|
|
Batting: RHB Craig Alvarado
|
0-0: Called Strike 0-1: Swinging Strike 0-2: Ball 1-2: Strikes out looking
|
| Top of the 2nd over - 0 runs, 0 hits, 0 errors, 0 left on base; New Jersey 0 - Southern Maryland 0 |
| BOTTOM OF THE 2ND |
|
Southern Maryland Blue Crabs batting - Pitching for New Jersey Devils : RHP Nick Rutscher
|
|
Batting: RHB Matt Wallace
|
0-0: Swinging Strike 0-1: Foul Ball, location: 2F 0-2: Ball 1-2: Ball 2-2: Strikes out swinging
|
|
Batting: SHB John Hiles
|
0-0: Foul Ball, location: 2F 0-1: Ball 1-1: Foul Ball, location: 2F 1-2: Fly out, F7 (Flyball, 78S, EV 65.6 MPH)
|
|
Batting: RHB Pedro Luera
|
0-0: Ball 1-0: Ball 2-0: Called Strike 2-1: Ground out 2-3 (Groundball, 15S, EV 68.8 MPH)
|
| Bottom of the 2nd over - 0 runs, 0 hits, 0 errors, 0 left on base; New Jersey 0 - Southern Maryland 0 |
| TOP OF THE 3RD |
|
New Jersey Devils batting - Pitching for Southern Maryland Blue Crabs : RHP Rick Bob Van Arsdale-Undercarriage
|
|
Batting: SHB Ernesto Mazas
|
0-0: Ball 1-0: Swinging Strike 1-1: Foul Ball, location: 2F 1-2: Strikes out looking
|
|
Batting: LHB Matt Reynolds
|
0-0: Ground out 5-3 (Groundball, 56, EV 88.1 MPH)
|
|
Batting: RHB Brian Jones
|
0-0: Called Strike 0-1: Ground out 3-1 (Groundball, 34S, EV 71.9 MPH)
|
| Top of the 3rd over - 0 runs, 0 hits, 0 errors, 0 left on base; New Jersey 0 - Southern Maryland 0 |
| BOTTOM OF THE 3RD |
|
Southern Maryland Blue Crabs batting - Pitching for New Jersey Devils : RHP Nick Rutscher
|
|
Batting: RHB Mike King
|
0-0: Called Strike 0-1: Called Strike 0-2: Foul Ball, location: 2F 0-2: Strikes out looking
|
|
Batting: RHB Jeff Parlo
|
0-0: Fly out, F8 (Flyball, 8LD, EV 93.8 MPH)
|
|
Batting: RHB Tyler Cohen
|
0-0: Ball 1-0: Foul Ball, location: 2F 1-1: Called Strike 1-2: Strikes out looking
|
| Bottom of the 3rd over - 0 runs, 0 hits, 0 errors, 0 left on base; New Jersey 0 - Southern Maryland 0 |
| TOP OF THE 4TH |
|
New Jersey Devils batting - Pitching for Southern Maryland Blue Crabs : RHP Rick Bob Van Arsdale-Undercarriage
|
|
Batting: LHB Randolph Brodbeck
|
0-0: Ball 1-0: Ground out 6-3 (Groundball, 6, EV 88.1 MPH)
|
|
Batting: RHB Eric Zylstra
|
0-0: Ball 1-0: Foul Ball, location: 2F 1-1: Foul Ball, location: 2F 1-2: Ball 2-2: Ball 3-2: DOUBLE (Flyball, 8LXD, EV 96.2 MPH)
|
|
Batting: RHB Warren Carmichael
|
0-0: Ball 1-0: Called Strike 1-1: Foul Ball, location: 2F 1-2: Ball 2-2: DOUBLE (Line Drive, 89M, EV 99.4 MPH) Eric Zylstra scores
|
|
Batting: RHB Jacob Olander
|
0-0: Called Strike 0-1: Ball 1-1: Swinging Strike 1-2: Strikes out looking
|
|
Batting: RHB Kyle Verkamp
|
0-0: Foul Ball, location: 2F 0-1: SINGLE (Line Drive, 9LS, EV 108.1 MPH) Warren Carmichael to third Runner from 3rd tries for Home, SAFE, throw by RF to home
|
|
Batting: RHB Craig Alvarado
|
0-0: Called Strike 0-1: Ground out 4-3 (Groundball, 34S, EV 81.2 MPH)
|
| Top of the 4th over - 2 runs, 3 hits, 0 errors, 1 left on base; New Jersey 2 - Southern Maryland 0 |
| BOTTOM OF THE 4TH |
|
Southern Maryland Blue Crabs batting - Pitching for New Jersey Devils : RHP Nick Rutscher
|
|
Batting: RHB Josh Ludwig
|
0-0: Bunted foul 0-1: Ball 1-1: Foul Ball, location: 2F 1-2: Fly out, F7 (Flyball, 7, EV 93.1 MPH)
|
|
Batting: LHB Sam Hontz
|
0-0: SOLO HOME RUN (Flyball, 89XD, EV 106.9 MPH), Distance : 431 ft
|
|
Batting: RHB Oscar Chapa
|
0-0: SINGLE (Line Drive, 6M, EV 95.0 MPH)
|
|
Batting: RHB Matt Wallace
|
0-0: Called Strike 0-1: Ball Oscar Chapa steals 2nd, throwing error, E2 Oscar Chapa to third 1-1: Fly out, F7 (Line Drive, 78M, EV 90.6 MPH)
|
|
Batting: SHB John Hiles
|
0-0: Called Strike 0-1: Called Strike 0-2: Ball 1-2: Ball 2-2: Ball 3-2: Fly out, F8 (Flyball, 8LS, EV 86.9 MPH)
|
| Bottom of the 4th over - 1 run, 2 hits, 1 error, 1 left on base; New Jersey 2 - Southern Maryland 1 |
| TOP OF THE 5TH |
|
New Jersey Devils batting - Pitching for Southern Maryland Blue Crabs : RHP Rick Bob Van Arsdale-Undercarriage
|
|
Batting: SHB Ernesto Mazas
|
0-0: Foul Ball, location: 2F 0-1: Foul Ball, location: 2F 0-2: DOUBLE (Line Drive, 7LS, EV 103.1 MPH)
|
|
Batting: LHB Matt Reynolds
|
0-0: Swinging Strike 0-1: Swinging Strike 0-2: Ball 1-2: Foul Ball, location: 2F 1-2: Strikes out swinging
|
|
Batting: RHB Brian Jones
|
0-0: Called Strike 0-1: Called Strike 0-2: Strikes out looking
|
|
Batting: LHB Randolph Brodbeck
|
0-0: Ball 1-0: Foul Ball, location: 2F 1-1: Called Strike 1-2: Ball 2-2: Ball 3-2: Base on Balls
|
|
Batting: RHB Eric Zylstra
|
0-0: Foul Ball, location: 2F 0-1: Swinging Strike 0-2: Ground out 4-3 (Groundball, 4S, EV 83.1 MPH)
|
| Top of the 5th over - 0 runs, 1 hit, 0 errors, 2 left on base; New Jersey 2 - Southern Maryland 1 |
| BOTTOM OF THE 5TH |
|
Southern Maryland Blue Crabs batting - Pitching for New Jersey Devils : RHP Nick Rutscher
|
|
Batting: RHB Pedro Luera
|
0-0: Ball 1-0: Called Strike 1-1: Ground out 5-3 (Groundball, 5S, EV 80.6 MPH)
|
|
Batting: RHB Mike King
|
0-0: Ball 1-0: Ground out 6-3 (Groundball, 6, EV 78.8 MPH)
|
|
Batting: RHB Jeff Parlo
|
0-0: Ground out 5-3 (Groundball, 56, EV 111.2 MPH)
|
| Bottom of the 5th over - 0 runs, 0 hits, 0 errors, 0 left on base; New Jersey 2 - Southern Maryland 1 |
| TOP OF THE 6TH |
|
New Jersey Devils batting - Pitching for Southern Maryland Blue Crabs : RHP Rick Bob Van Arsdale-Undercarriage
|
|
Batting: RHB Warren Carmichael
|
0-0: Foul Ball, location: 2F 0-1: Ball 1-1: Ground out 4-3 (Groundball, 4, EV 98.8 MPH)
|
|
Batting: RHB Jacob Olander
|
0-0: Foul Ball, location: 2F 0-1: Ball 1-1: Fly out, F7 (Line Drive, 78M, EV 105.0 MPH)
|
|
Batting: RHB Kyle Verkamp
|
0-0: Ball 1-0: Ball 2-0: Foul Ball, location: 2F 2-1: Called Strike 2-2: Ball 3-2: Foul Ball, location: 2F 3-2: Ground out 3-1 (Groundball, 34, EV 102.5 MPH)
|
| Top of the 6th over - 0 runs, 0 hits, 0 errors, 0 left on base; New Jersey 2 - Southern Maryland 1 |
| BOTTOM OF THE 6TH |
|
Southern Maryland Blue Crabs batting - Pitching for New Jersey Devils : RHP Nick Rutscher
|
|
Batting: RHB Tyler Cohen
|
0-0: Called Strike 0-1: Foul Ball, location: 2F 0-2: Ball 1-2: Ball 2-2: Strikes out swinging
|
|
Batting: RHB Josh Ludwig
|
0-0: Ball 1-0: Called Strike 1-1: Ground out 6-3 (Groundball, 6, EV 98.8 MPH)
|
|
Batting: LHB Sam Hontz
|
0-0: Called Strike 0-1: Foul Ball, location: 2F 0-2: Foul Ball, location: 2F 0-2: Ground out U3 (Groundball, 3, EV 107.5 MPH)
|
| Bottom of the 6th over - 0 runs, 0 hits, 0 errors, 0 left on base; New Jersey 2 - Southern Maryland 1 |
| TOP OF THE 7TH |
|
New Jersey Devils batting - Pitching for Southern Maryland Blue Crabs : RHP Rick Bob Van Arsdale-Undercarriage
|
|
Batting: RHB Craig Alvarado
|
0-0: Ball 1-0: Ball 2-0: Swinging Strike 2-1: Swinging Strike 2-2: Strikes out swinging
|
|
Batting: SHB Ernesto Mazas
|
0-0: Swinging Strike 0-1: Foul Ball, location: 2F 0-2: Ball 1-2: Strikes out swinging
|
|
Batting: LHB Matt Reynolds
|
0-0: Ball 1-0: SINGLE (Line Drive, 8LS, EV 89.4 MPH)
|
|
Batting: RHB Brian Jones
|
0-0: Ball 1-0: Called Strike 1-1: Ball 2-1: Called Strike 2-2: Strikes out looking
|
| Top of the 7th over - 0 runs, 1 hit, 0 errors, 1 left on base; New Jersey 2 - Southern Maryland 1 |
| BOTTOM OF THE 7TH |
|
Southern Maryland Blue Crabs batting - Pitching for New Jersey Devils : RHP Nick Rutscher
|
|
Batting: RHB Oscar Chapa
|
0-0: Swinging Strike 0-1: Swinging Strike 0-2: Strikes out swinging
|
|
Batting: RHB Matt Wallace
|
0-0: Ball 1-0: Ball 2-0: Called Strike 2-1: Ball 3-1: Swinging Strike 3-2: Strikes out looking
|
|
Batting: SHB John Hiles
|
0-0: Foul Ball, location: 2F 0-1: Called Strike 0-2: Ground out 5-3 (Groundball, 56, EV 98.8 MPH)
|
| Bottom of the 7th over - 0 runs, 0 hits, 0 errors, 0 left on base; New Jersey 2 - Southern Maryland 1 |
| TOP OF THE 8TH |
|
New Jersey Devils batting - Pitching for Southern Maryland Blue Crabs : RHP Rick Bob Van Arsdale-Undercarriage
|
|
Batting: LHB Randolph Brodbeck
|
0-0: Ball 1-0: Called Strike 1-1: Ground out 5-3 (Groundball, 56, EV 108.1 MPH)
|
|
Batting: RHB Eric Zylstra
|
0-0: Ball 1-0: Ball 2-0: Ball 3-0: Called Strike 3-1: Foul Ball, location: 2F 3-2: Strikes out swinging
|
|
Batting: RHB Warren Carmichael
|
0-0: Ball 1-0: Ground out U3 (Groundball, 3L, EV 88.1 MPH)
|
| Top of the 8th over - 0 runs, 0 hits, 0 errors, 0 left on base; New Jersey 2 - Southern Maryland 1 |
| BOTTOM OF THE 8TH |
|
Southern Maryland Blue Crabs batting - Pitching for New Jersey Devils : RHP Nick Rutscher
|
|
Batting: RHB Pedro Luera
|
0-0: Ball 1-0: Foul Ball, location: 2F 1-1: Swinging Strike 1-2: Fly out, F9 (Flyball, 89D, EV 103.8 MPH)
|
|
Batting: RHB Mike King
|
0-0: Ball 1-0: Swinging Strike 1-1: Swinging Strike 1-2: Strikes out swinging
|
|
Pinch Hitting: LHB Stu Proulx
|
0-0: Called Strike 0-1: Ball 1-1: Ball 2-1: Ground out 4-3 (Groundball, 4, EV 86.9 MPH)
|
| Bottom of the 8th over - 0 runs, 0 hits, 0 errors, 0 left on base; New Jersey 2 - Southern Maryland 1 |
| TOP OF THE 9TH |
|
New Jersey Devils batting - Pitching for Southern Maryland Blue Crabs : RHP Rick Bob Van Arsdale-Undercarriage
|
|
Now in RF: Stu Proulx
|
|
|
Batting: RHB Juan Medina
|
0-0: Ball 1-0: Foul Ball, location: 2F 1-1: Swinging Strike 1-2: Foul Ball, location: 2F 1-2: Ball 2-2: Ground out 1-3 (Groundball, 13S, EV 69.4 MPH)
|
|
Batting: RHB Kyle Verkamp
|
0-0: Foul Ball, location: 2F 0-1: Called Strike 0-2: Ball 1-2: Ground out 5-3 (Groundball, 56S, EV 83.1 MPH)
|
|
Batting: RHB Craig Alvarado
|
0-0: Foul Ball, location: 2F 0-1: Fly out, F6 (Popup, 6S, EV 64.4 MPH)
|
| Top of the 9th over - 0 runs, 0 hits, 0 errors, 0 left on base; New Jersey 2 - Southern Maryland 1 |
| BOTTOM OF THE 9TH |
|
Southern Maryland Blue Crabs batting - Pitching for New Jersey Devils : RHP Nick Rutscher
|
|
Pitching: RHP Mike Whitaker
|
|
|
Batting: RHB Adam Beal
|
0-0: Called Strike 0-1: Fly out, F9 (Flyball, 9S, EV 78.1 MPH)
|
|
Pinch Hitting: RHB Eddie Morin
|
0-0: Called Strike 0-1: Ball 1-1: Ball 2-1: Foul Ball, location: 2F 2-2: SINGLE (Groundball, 56D, EV 99.4 MPH)
|
|
Batting: LHB Sam Hontz
|
0-0: Called Strike 0-1: Foul Ball, location: 2F 0-2: Strikes out swinging
|
|
Batting: RHB Oscar Chapa
|
0-0: Ball 1-0: Fly out, F4 (Popup, 4M, EV 65.0 MPH)
|
| Bottom of the 9th over - 0 runs, 1 hit, 0 errors, 1 left on base; New Jersey 2 - Southern Maryland 1 |
|